 Dungeon Crawl Stone Soup version 0.30-a0-365-ge7f957f1db (webtiles) character file.

Game seed: 293432646274412702

98375 oldmanjim the Severer (level 15, -5/128 (134) HPs)
             Began as a Minotaur Fighter on Nov 13, 2022.
             Was the Champion of Okawaru.
             Slain by an eleionoma (12 damage)
             ... on level 2 of the Swamp on Nov 17, 2022.
             The game lasted 03:05:00 (27764 turns).

oldmanjim the Severer (Minotaur Fighter)           Turns: 27764, Time: 03:05:01

HP:   -5/128 (134)  AC: 23    Str: 27    XL:     15   Next: 74%
MP:   15/21         EV: 13    Int: 21    God:    Okawaru [******]
Gold: 2366          SH: 21    Dex: 11    Spells: 12/14 levels left

rFire   + . .      SeeInvis +    a - +10 morningstar "Eos" {elec, Halo rElec}
rCold   + . .      Faith    +    U - +1 tower shield {reflect}
rNeg    . . .      Spirit   .    s - +2 swamp dragon scales
rPois   +          Reflect  +    D - +0 hat
rElec   +          Harm     .    x - +1 cloak
rCorr   .          Rampage  .    I - +3 pair of gauntlets of War {Slay+5}
Will    +++++                    u - +0 pair of boots of Xephu {Will++ Int+3 SInv}
Stlth   +.........               w - amulet of Peyfudi {Faith rC+ Int+7}
HPRegen 0.41/turn                R - ring of protection from fire
MPRegen 0.17/turn                F - ring of Moral Flaws {Will++ Int+6}

@: heroic, finesse-ful, glowing, lightly drained
A: horns 2, retaliatory headbutt
a: Renounce Religion, Heroism, Finesse, Duel


You were on level 2 of the Swamp.
You worshipped Okawaru.
Okawaru was exalted by your worship.
You visited 5 branches of the dungeon, and saw 25 of its levels.
You also visited: Bailey and Gauntlet.

You collected 2366 gold pieces.

Inventory:

Hand Weapons
 a - the +10 morningstar "Eos" (weapon) {elec, Halo rElec}
   (You found it in a Gauntlet)

   It occasionally discharges a powerful burst of electricity upon striking a
   foe.
   It grants its wielder a halo, revealing invisible creatures and increasing
   accuracy against all within it other than the wielder.
   rElec:     It insulates you from electricity.
 H - a +0 broad axe
Missiles
 f - a boomerang of dispersal
 j - 22 poisoned darts
 v - 21 boomerangs (quivered)
 M - 4 curare-tipped darts
 Q - 7 silver javelins
 S - a throwing net
Armour
 s - +2 swamp dragon scales (worn)
 u - the +0 pair of boots of Xephu (worn) {Will++ Int+3 SInv}
   (Okawaru gifted it to you in a bailey)

   Int:       It affects your intelligence (+3).
   SInv:      It lets you see invisible.
   Will:      It greatly increases your willpower.
 x - a +1 cloak (worn)
 D - a +0 hat (worn)
 I - the +3 pair of gauntlets of War (worn) {Slay+5}
   (You found it on level 2 of the Lair of Beasts)

   Slay:      It affects your accuracy & damage with ranged weapons and melee
   (+5).
 P - the +6 scale mail of Atheism {Drain +Blink MP+9 Str+5}
   (You found it on level 12 of the Dungeon)

   Str:       It affects your strength (+5).
   MP:        It affects your magic capacity (+9).
   +Blink:    It lets you blink.
   Drain:     It drains your maximum health when unequipped.
 U - a +1 tower shield of reflection (worn)
Jewellery
 w - the amulet of Peyfudi (around neck) {Faith rC+ Int+7}
   (You acquired it on level 5 of the Lair of Beasts)

   [amulet of faith]

   It allows you to gain divine favour quickly.
   Int:       It affects your intelligence (+7).
   rC:        It protects you from cold.
 z - a ring of positive energy
 F - the ring of Moral Flaws (right hand) {Will++ Int+6}
   (You found it on level 13 of the Dungeon)

   [ring of intelligence]

   Int:       It affects your intelligence (+6).
   Will:      It greatly increases your willpower.
 R - a ring of protection from fire (left hand)
 V - a ring of fire
Wands
 c - a wand of light (8)
 d - a wand of flame (34)
 B - a wand of iceblast (12)
 Y - a wand of paralysis (4)
Scrolls
 e - a scroll of fear
 h - 2 scrolls of poison
 l - 3 scrolls of immolation
 m - 7 scrolls of teleportation
 p - 5 scrolls of enchant weapon
 r - 2 scrolls of magic mapping
 y - 4 scrolls of amnesia
 K - 2 scrolls of brand weapon
 O - 3 scrolls of enchant armour
Potions
 g - 12 potions of attraction
 k - 11 potions of curing
 n - 3 potions of mutation
 o - 2 potions of berserk rage
 q - 2 potions of cancellation
 t - 2 potions of brilliance
 A - a potion of ambrosia
 C - 5 potions of lignification
 J - 6 potions of haste
 L - 2 potions of magic
 N - 2 potions of resistance
 W - a potion of heal wounds
 X - a potion of might
 Z - a potion of flight
Miscellaneous
 i - a phial of floods
 E - a piece from Xom's chessboard (15/15)


   Skills:
 + Level 12.5(17.5) Fighting
 - Level 18.7(25.0) Axes
 - Level 12.1(21.8) Maces & Flails
 + Level 0.7(5.7) Ranged Weapons
 - Level 12.0(17.0) Armour
 + Level 3.3(8.3) Dodging
 - Level 15.0(20.0) Shields
 - Level 3.0 Translocations
 + Level 10.5 Invocations
 + Level 2.7 Evocations


You had 12 spell levels left.
You knew the following spells:

 Your Spells              Type           Power      Damage    Failure   Level
a - Blink                 Tloc           24%        N/A       22%         2

Your spell library contained the following spells:

 Spells                   Type           Power      Damage    Failure   Level
 Momentum Strike          Conj/Tloc      12%        3d8       36%         2
 Lesser Beckoning         Tloc           24%        N/A       38%         3
 Shock                    Conj/Air       0%         1d3       43%         1
 Sublimation of Blood     Necr           0%         N/A       58%         2
 Wereblood                Tmut           0%         N/A       58%         2
 Vhi's Electric Charge    Tloc/Air       12%        N/A       61%         3
 Kindle Blastsparks       Fire/Tloc/Air  8%         2d10      67%         3
 Ozocubu's Armour         Ice            0%         N/A       82%         3
 Stone Arrow              Conj/Erth      0%         3d7       82%         3
 Swiftness                Air            0%         N/A       82%         3
 Iskenderun's Mystic Bla  Conj/Tloc      6%         2d4       95%         4
 Airstrike                Air            0%         2d(0-16)  99%         4
 Cause Fear               Hex            0%         N/A       99%         4
 Fulminant Prism          Conj/Hex       0%         3d5       99%         4
 Leda's Liquefaction      Hex/Erth       0%         N/A       99%         4
 Petrify                  Tmut/Erth      0%         N/A       99%         4
 Arcjolt                  Conj/Air       0%         1d10      100%        5
 Lee's Rapid Deconstruct  Erth           0%         3d4*      100%        5
 Metabolic Englaciation   Hex/Ice        0%         N/A       100%        5
 Statue Form              Tmut/Erth      0%         N/A       100%        6
 Dragon Form              Tmut           0%         N/A       100%        7
 Orb of Destruction       Conj           0%         9d5       100%        7
 Ozocubu's Refrigeration  Ice            0%         4d7       100%        7
 Lehudib's Crystal Spear  Conj/Erth      0%         10d2      100%        8
 Maxwell's Capacitive Co  Air            0%         ∞         100%        8
 Summon Guardian Golem    Hex/Summ       Unusable   N/A       N/A         3
 Animate Armour           Summ/Erth      Unusable   N/A       N/A         4
 Spellforged Servitor     Conj/Summ      Unusable   N/A       N/A         7
 Summon Hydra             Summ           Unusable   N/A       N/A         7
 Dragon's Call            Summ           Unusable   N/A       N/A         9

Dungeon Overview and Level Annotations

Branches:
Dungeon (15/15)            Temple (1/1) D:5            Lair (5/5) D:10
  Swamp (2/4) Lair:3       Spider (0/4) Lair:3        Slime (0/5) Lair:4
    Orc (2/2) D:9             Elf (0/3) Orc:2        Vaults (0/5) D:14
 Depths (0/4) D:15         Bailey (visited)         Gauntlet (visited)

Altars:
Ashenzari
Cheibriados
Dithmenos
Elyvilon
Fedhas
Gozag
Hepliaklqana
Kikubaaqudgha
Makhleb
Nemelex Xobeh
Okawaru
Qazlal
Ru
Sif Muna
Trog
Uskayaw
Vehumet
Wu Jian
Xom
Yredelemnul
Zin
The Shining One
Jiyva

Shops:
D:11 (   D:15 [   Orc:2 [*(


Innate Abilities, Weirdness & Mutations

You have a pair of horns on your head.
You reflexively headbutt those who attack you in melee.


Message History

The eleionoma barely misses you.
You bludgeon the seven-headed hydra!!
You kill the seven-headed hydra!
Okawaru accepts your kill. The eleionoma attacks as you move away!
The eleionoma splashes around in the water.
You block the eleionoma's attack. x2
There is a stone staircase leading up, spattered with blood here.
Things that are here:
+0 swamp dragon scales; a hydra corpse; a swamp dragon corpse You impale the eleionoma!!
The eleionoma is heavily wounded.
You impale the eleionoma!!
Lightning courses through the eleionoma!
The eleionoma is almost dead.
The eleionoma touches a tree and draws upon its vitality.
The eleionoma is healed.
The eleionoma hurls a spray of splinters at you.
The spray of wooden splinters hits you but does no damage.
You impale the eleionoma!!
Lightning courses through the eleionoma!!
The eleionoma is severely wounded.
You puncture the eleionoma!
The eleionoma is almost dead.
The eleionoma touches a tree and draws upon its vitality.
The eleionoma is healed.
The eleionoma hits you but does no damage.
You barely miss the eleionoma.
The eleionoma is moderately wounded.
You gain the combat prowess of a mighty hero.
The eleionoma hurls a spray of splinters at you.
The spray of wooden splinters hits you!
* * * LOW HITPOINT WARNING * * *
You block the eleionoma's attack.
A four-headed hydra comes into view.
The four-headed hydra roars!
You thump the eleionoma! You headbutt the eleionoma.
The eleionoma is heavily wounded.
You block the eleionoma's attack. The eleionoma hits you!
You die...

.~~~.♣♣♣ ~§
♣♣♣♣§~~§~..♣♣~~
.♣.♣...~~~~..~♣♣
.....♣.~~~~...♣
♣.~.♣..~~~....
♣.....~§~..~.
♣.~~..~$♣
♣♣~~R@...♣♣~
♣~.~.R.~..~.~
♣♣...♣♣..♣~~~
♣♣.♣♣ ♣~..~~ ♣♣
.~~~. ~~D. ~~~
~~.


You could see 2 eleionomae and a four-headed hydra.

Vanquished Creatures
  Gastronok (Orc:1)
  Frances (D:13)
  An orc warlord (Orc:2)
  Nessos (Orc:2)
  A minotaur (Gauntlet)
  Snorg (Orc:1)
  2 fire dragons
  7 hydras
  A rakshasa (D:15)
  3 vault guards
  A radroach (shapeshifter) (D:14)
  7 centaur warriors
  2 catoblepae
  A death knight (D:15)
  6 two-headed ogres
  3 dancing weapons (D:12)
  A boulder beetle (Lair:1)
  An orc high priest (Orc:2)
  4 death yaks
  A tengu warrior (D:15)
  Sonja (Lair:3)
  6 skeletal warriors
  2 bog bodies (Swamp:1)
  A flayed ghost (D:15)
  3 swamp dragons
  Pikel (D:4)
  A lindwurm (Lair:3)
  A phantasmal warrior (D:15)
  A deep elf pyromancer (D:14)
  A golden dragon skeleton (D:15)
  4 orc knights
  A necromancer (D:15)
  6 cyclopes
  A frost giant zombie (D:15)
  An ugly thing (D:14)
  A will-o-the-wisp (Swamp:1)
  3 orc sorcerers (Orc:2)
  A worldbinder (Gauntlet)
  3 manticores
  A stone giant zombie (D:15)
  10 elephants
  3 black mambas
  3 torpor snails
  A frost giant skeleton (D:15)
  2 gargoyles
  21 cane toads
  3 freezing wraiths (D:15)
  7 komodo dragons
  An efreet (D:15)
  A tengu conjurer (D:15)
  13 rime drakes
  2 trolls
  A troll (shapeshifter) (D:15)
  Prince Ribbit (Bailey)
  5 tyrant leeches
  2 hornets
  2 slime creatures (Gauntlet)
  3 dream sheep (Lair:4)
  3 jumping spiders (Lair:3)
  28 blink frogs
  A shadow (D:10)
  A spriggan (Swamp:1)
  3 wraiths
  A wyvern (D:8)
  39 yaks
  8 humans (Bailey)
  3 basilisks
  13 vampire mosquitoes
  A redback (Lair:3)
  11 steam dragons
  5 wargs
  6 swamp worms
  2 acid dragons
  11 water moccasins
  28 orc warriors
  A sky beast (D:7)
  An ice beast (D:5)
  4 black bears
  3 boggarts (Gauntlet)
  11 wolves
  4 centaurs
  13 ogres
  3 lemures
  A kobold brigand (D:6)
  27 bullfrogs
  2 scorpions
  A gnoll sergeant (D:7)
  4 necrophages
  10 wights
  4 electric eels
  4 howler monkeys
  2 hounds
  20 orc priests
  6 jellies
  A gnoll bouda (D:8)
  Terence (D:3)
  Natasha (thrice) (D:3)
  2 iguanas (D:4)
  27 orc wizards
  13 gnolls
  9 adders
  2 white imps
  An ufetubus (D:4)
  A worm (D:5)
  76 orcs
  6 ball pythons
  8 endoplasms
  4 giant cockroaches
  6 goblins
  10 hobgoblins
  8 jackals
  6 quokkas
  4 bats
  5 frilled lizards
  12 kobolds
  5 rats
662 creatures vanquished.

Vanquished Creatures (others)
  A rakshasa (D:14)
  2 rime drakes (Lair:4)
  A water moccasin (Lair:2)
  3 demonic plants (Gauntlet)
  4 foxfires (Swamp:1)
  32 fungi
  86 plants
  20 withered plants (Gauntlet)
149 creatures vanquished.

Grand Total: 811 creatures vanquished

Notes
Turn   | Place    | Note
-------+----------+-------------------------------------------
     0 | D:1      | oldmanjim the Minotaur Fighter began the quest for the Orb.
     0 | D:1      | Reached XP level 1. HP: 19/19 MP: 0/0
   225 | D:1      | Reached XP level 2. HP: 27/27 MP: 1/1
   677 | D:2      | Reached skill level 3 in Axes
   736 | D:2      | Reached XP level 3. HP: 33/33 MP: 2/2
  1436 | D:3      | Reached XP level 4. HP: 28/40 MP: 3/3
  1633 | D:3      | Noticed Natasha
  1638 | D:3      | Killed Natasha
  1775 | D:3      | Noticed Natasha
  1786 | D:3      | Killed Natasha
  1803 | D:3      | Noticed Natasha
  1881 | D:3      | Noticed a scorpion
  1893 | D:3      | Killed a scorpion
  1894 | D:3      | Reached skill level 4 in Axes
  1894 | D:3      | Reached XP level 5. HP: 32/47 MP: 4/4
  2065 | D:3      | You fall into a shaft and drop 2 floors!
  2065 | D:5      | Entered Level 5 of the Dungeon
  2066 | D:5      | Found a staircase to the Ecumenical Temple.
  2077 | Temple   | Entered the Ecumenical Temple
  2171 | Temple   | Became a worshipper of Warmaster Okawaru
  2182 | D:5      | Noticed an ice beast
  2241 | D:3      | Killed Natasha
  2242 | D:3      | Reached skill level 5 in Fighting
  2242 | D:3      | Reached skill level 5 in Armour
  2408 | D:3      | Noticed Terence
  2413 | D:3      | Killed Terence
  2590 | D:4      | Reached skill level 5 in Shields
  2590 | D:4      | Reached XP level 6. HP: 56/56 MP: 5/5
  2899 | D:4      | Found a blossoming altar of Fedhas.
  3271 | D:4      | Reached skill level 5 in Axes
  3331 | D:4      | Reached XP level 7. HP: 55/63 MP: 6/6
  3368 | D:4      | Reached * piety under Okawaru
  3376 | D:4      | Reached skill level 6 in Axes
  3603 | D:4      | Noticed Pikel
  3696 | D:4      | Killed Pikel
  3697 | D:4      | Reached skill level 8 in Axes
  3697 | D:4      | Reached XP level 8. HP: 13/70 MP: 7/7
  3910 | D:4      | Reached skill level 9 in Axes
  4387 | D:5      | Reached skill level 10 in Axes
  4510 | D:5      | Reached ** piety under Okawaru
  4525 | D:5      | Found an ornate altar of the Wu Jian Council.
  4539 | D:5      | Found a broken altar of Ashenzari.
  4540 | D:5      | Found a sacrificial altar of Ru.
  4540 | D:5      | Found a glowing silver altar of Zin.
  4544 | D:5      | Found a radiant altar of Vehumet.
  4545 | D:5      | Found a hide-covered altar of Uskayaw.
  4680 | D:5      | Reached skill level 11 in Axes
  5288 | D:6      | Reached skill level 12 in Axes
  5288 | D:6      | Reached XP level 9. HP: 60/75 MP: 8/8
  5991 | D:7      | Reached *** piety under Okawaru
  5992 | D:7      | Reached skill level 13 in Axes
  6230 | D:7      | Reached skill level 14 in Axes
  6335 | D:7      | Reached skill level 1 in Invocations
  6865 | D:8      | Reached **** piety under Okawaru
  7063 | D:8      | Reached XP level 10. HP: 84/84 MP: 10/10
  7292 | D:9      | Noticed a two-headed ogre
  7302 | D:8      | Killed a two-headed ogre
  7408 | D:8      | Reached ***** piety under Okawaru
  7812 | D:9      | Paralysed by a gnoll for 5 turns
  7987 | D:9      | Paralysed by a gnoll for 5 turns
  8106 | D:9      | Found a hazy altar of Hepliaklqana.
  8197 | D:9      | Found a staircase to the Orcish Mines.
  8524 | D:10     | Entered Level 10 of the Dungeon
  8524 | D:10     | Found a flagged portal.
  8529 | Bailey   | Entered a bailey
  8559 | Bailey   | Reached skill level 15 in Axes
  8577 | Bailey   | Identified the +0 pair of boots of Xephu {Will++ Int+3
                  | SInv} (Okawaru gifted it to you in a bailey)
  8577 | Bailey   | Received a gift from Okawaru
  8647 | Bailey   | Reached skill level 5 in Invocations
  8795 | Bailey   | Noticed a vault guard
  8829 | Bailey   | Killed a vault guard
  8830 | Bailey   | Reached skill level 16 in Axes
  8909 | Bailey   | Reached XP level 11. HP: 94/94 MP: 13/13
  8941 | Bailey   | Noticed Prince Ribbit
  8941 | Bailey   | Noticed a vault guard
  8968 | Bailey   | Killed Prince Ribbit
  8979 | Bailey   | Killed a vault guard
  9098 | D:10     | Noticed a two-headed ogre
  9140 | D:10     | Noticed a two-headed ogre
  9158 | D:10     | Killed a two-headed ogre
  9436 | D:10     | Noticed a two-headed ogre
  9444 | D:10     | Killed a two-headed ogre
  9645 | D:10     | Killed a two-headed ogre
  9860 | D:10     | Found a staircase to the Lair.
 10121 | Lair:1   | Entered Level 1 of the Lair of Beasts
 10229 | Lair:1   | Found a gate leading to a gauntlet.
 10237 | Gauntlet | Entered a Gauntlet
 10237 | Gauntlet | Found a transporter.
 10237 | Gauntlet | Found a transporter.
 10237 | Gauntlet | Found a transporter.
 10238 | Gauntlet | Found a transporter.
 10239 | Gauntlet | Found a transporter.
 10242 | Gauntlet | Found a transporter.
 10249 | Gauntlet | Found a transporter.
 10250 | Gauntlet | Found a transporter.
 10251 | Gauntlet | Found a transporter.
 10256 | Gauntlet | Found a transporter.
 10256 | Gauntlet | Noticed a wizard
 10260 | Gauntlet | Noticed a wizard
 10261 | Gauntlet | Found a transporter.
 10262 | Gauntlet | Found a transporter.
 10807 | Gauntlet | Noticed a minotaur
 10820 | Gauntlet | HP: 3/97 [minotaur/+3 glaive of flaming (5)]
 10829 | Gauntlet | Killed a minotaur
 11015 | Gauntlet | Found the +10 morningstar "Eos" {elec, Halo rElec}
 11024 | Gauntlet | Got Itiagg Ruxith's Directory of the Oath
 11333 | Lair:1   | Reached skill level 1 in Maces & Flails
 11739 | Lair:1   | Reached skill level 10 in Fighting
 11794 | Lair:1   | Noticed a boulder beetle
 11813 | Lair:1   | Killed a boulder beetle
 11814 | Lair:1   | Reached skill level 10 in Armour
 11814 | Lair:1   | Reached XP level 12. HP: 29/106 MP: 16/16
 12078 | Lair:1   | Noticed a death yak
 12087 | Lair:1   | Killed a death yak
 12206 | Lair:1   | Reached skill level 5 in Maces & Flails
 13482 | Lair:2   | Identified the +1 ring mail "Jumuly" {rElec Will- Str+5
                  | SInv} (Okawaru gifted it to you on level 2 of the Lair of
                  | Beasts)
 13482 | Lair:2   | Received a gift from Okawaru
 13567 | Lair:2   | Found the +3 pair of gauntlets of War {Slay+5}
 14420 | Lair:3   | Found a hole to the Spider Nest.
 14449 | Lair:3   | Reached skill level 10 in Shields
 14520 | Lair:3   | Upgraded the game from 0.30-a0-359-gd0147acb1a to
                  | 0.30-a0-360-g447f08457e
 15173 | Lair:3   | Reached XP level 13. HP: 103/113 MP: 17/17
 15279 | Lair:3   | Found a staircase to the Swamp.
 15489 | Lair:3   | Reached skill level 10 in Maces & Flails
 15790 | Lair:4   | Noticed Sonja
 15802 | Lair:4   | Reached ****** piety under Okawaru
 16057 | Lair:3   | Killed Sonja
 16139 | Lair:3   | Identified the +0 plate armour of Con Oraa {rN+ Will-
                  | rCorr} (Okawaru gifted it to you on level 3 of the Lair of
                  | Beasts)
 16139 | Lair:3   | Received a gift from Okawaru
 17122 | Lair:4   | Found a runed translucent door.
 17122 | Lair:4   | Found a viscous altar of Jiyva.
 17124 | Lair:4   | Found a staircase to the Slime Pits.
 17191 | Lair:4   | Noticed a fire dragon
 17205 | Lair:4   | Killed a fire dragon
 17379 | Lair:5   | Entered Level 5 of the Lair of Beasts
 17406 | Lair:5   | Identified a scroll of acquirement
 17453 | Lair:5   | Acquired the amulet of Peyfudi {Faith rC+ Int+7}
 17502 | Lair:5   | Identified the +0 pair of gloves of Uzekko {rC+} (Okawaru
                  | gifted it to you on level 5 of the Lair of Beasts)
 17502 | Lair:5   | Received a gift from Okawaru
 17547 | Lair:5   | Reached XP level 14. HP: 94/122 MP: 18/18
 17741 | Lair:5   | Found an ornate altar of the Wu Jian Council.
 17992 | Lair:5   | HP: 5/122 [tyrant leech (6)]
 18563 | Lair:5   | Learned a level 2 spell: Blink
 18575 | Lair:5   | Reached skill level 15 in Shields
 18756 | Lair:5   | Upgraded the game from 0.30-a0-360-g447f08457e to
                  | 0.30-a0-364-gf6b3ef1049
 18922 | D:11     | Found Tekh's Weapon Shoppe.
 19200 | D:11     | Identified the +8 hand axe of Misiol {freeze, rC+} (Okawaru
                  | gifted it to you on level 11 of the Dungeon)
 19200 | D:11     | Received a gift from Okawaru
 19954 | D:12     | Found a runed translucent door.
 20120 | D:12     | Identified the +6 scale mail of Atheism {Drain +Blink MP+9
                  | Str+5}
 20851 | D:9      | Upgraded the game from 0.30-a0-364-gf6b3ef1049 to
                  | 0.30-a0-365-ge7f957f1db
 20854 | Orc:1    | Entered Level 1 of the Orcish Mines
 20886 | Orc:1    | Reached skill level 1 in Translocations
 21138 | Orc:1    | Noticed Gastronok
 21169 | Orc:1    | Killed Gastronok
 21169 | Orc:1    | Received a gift from Okawaru
 21169 | Orc:1    | Found the +7 lajatang of Order {silver, rMut}
 21170 | Orc:1    | Reached skill level 17 in Axes
 21306 | Orc:1    | Noticed Snorg
 21312 | Orc:1    | Killed Snorg
 21708 | Orc:2    | Entered Level 2 of the Orcish Mines
 21902 | Orc:2    | Found a staircase to the Elven Halls.
 22023 | Orc:2    | Noticed an orc warlord
 22049 | Orc:2    | Killed an orc warlord
 22096 | Orc:2    | Received a gift from Okawaru
 22333 | Orc:2    | Found Nyit Jia's Antique Weapon Shop.
 22350 | Orc:2    | Found Weeterchi's General Store.
 22356 | Orc:2    | Noticed Nessos
 22370 | Orc:2    | Killed Nessos
 22837 | Orc:2    | Found Cosakh's Jewellery Shop.
 22851 | Orc:2    | Found Poacytrar's Antique Armour Shop.
 22926 | Orc:2    | Identified the +1 pair of boots of Experimentation {+Blink
                  | rPois} (Okawaru gifted it to you on level 2 of the Orcish
                  | Mines)
 22926 | Orc:2    | Received a gift from Okawaru
 23298 | D:13     | Identified the ring of Moral Flaws {Will++ Int+6}
 23335 | D:13     | Noticed Frances
 23362 | D:13     | Killed Frances
 23449 | D:13     | Reached XP level 15. HP: 124/132 MP: 21/21
 24119 | D:14     | Reached skill level 10 in Invocations
 24290 | D:14     | Found a basalt altar of Yredelemnul.
 24339 | D:14     | Identified the +0 leather armour of Objectivity {+Blink
                  | Will- Regen+ SInv}
 24869 | D:14     | Reached skill level 18 in Axes
 24953 | D:14     | Found a gate to the Vaults.
 25014 | D:15     | Entered Level 15 of the Dungeon
 25033 | D:14     | Received a gift from Okawaru
 25133 | D:15     | Found a staircase to the Depths.
 25371 | D:15     | Reached skill level 1 in Dodging
 25479 | D:15     | Reached skill level 1 in Evocations
 25557 | D:15     | Found El's Dragon-Slaying Spoils.
 25772 | D:15     | Found a stormy altar of Qazlal.
 26992 | Swamp:1  | Entered Level 1 of the Swamp
 27764 | Swamp:2  | Slain by an eleionoma

Illustrated notes

Levels and vault maps discovered:
D:1:      dpeg_arrival_simpleton_c, layout_basic, minmay_misc_feat_chi
D:2:      layout_basic
D:3:      layout_basic, st_stairs_9, uniq_terence, uniq_natasha
D:4:      layout_basic, mainiacjoe_overflow_small_starburst, uniq_pikel
D:5:      layout_cave_pools, minitemple, minmay_temple_entry_mist
D:6:      nicolae_cairo_tiling_large, layout_basic
D:7:      layout_loops_corners, serial_glass, glass_columns_b, glass_columns_a,
          glass_columns_a, glass_columns_a, glass_columns_b, glass_columns_a,
          item_on_display_a, due_unseen_surprise, item_on_display_a
D:8:      layout_rooms
D:9:      layout_gridville, mainiacjoe_overflow_six_doors_small,
          minmay_orc_entry_temple_small
D:10:     layout_irregular_city, erik_lair_orcish_takeover, enter_bailey_2
D:11:     layout_loops_corners, serial_shops, shop
D:12:     layout_roguey, chequers_serial_rivers_room_a, nicolae_danse_macabre
D:13:     layout_roguey, uniq_frances
D:14:     layout_cave_pools, david_vaults_5, lemuel_tele_altar,
          minmay_fractal_squares_gapless_7
D:15:     gammafunk_depths_entry_grave, layout_grid_maze, serial_park_tiny_pond,
          nicolae_shop_dragon_depot, nicolae_qazlal_eye_of_the_storm
Temple:   zaba_magenta_temple
Lair:1:   layout_chaotic_city, gauntlet_entry_generic, nzn_sisyphean_effort,
          serial_bayou_shore_a
Lair:2:   layout_regular_city
Lair:3:   layout_cave_pods, minmay_swamp_entry_worms, spider_nest_entry_a,
          lemuel_fruit_tree
Lair:4:   layout_misc_corridors, slime_entry_2, bobbens_dragon_lair_wall,
          uniq_sonja
Lair:5:   minmay_lair_end_frog_pond, layout_loops_ring, basic_altar,
          nicolae_quartered_pool_medium
Swamp:1:  layout_falls_marsh, infiniplex_staircase_pool_2
Swamp:2:  nicolae_swamp_wrong_neighborhood, layout_basic_swamp,
          evilmike_swamp_ruin_house_1
Orc:1:    layout_diamond_mine, uniq_snorg, uniq_gastronok
Orc:2:    grunt_orc_cross, layout_diamond_mine, dreamdust_deal_with_the_devil,
          uniq_nessos

Skill      XL: |  1  2  3  4  5  6  7  8  9 10 11 12 13 14 15 |
---------------+----------------------------------------------+-----
Fighting       | 4 5 6 8 10 12 | 12.5
Armour         | 4 5 6 8 10 11 12 | 12.0
Axes           | 3 4 5 8 12 14 16 17 18 | 18.7
Shields        | 4 5 10 14 15 | 15.0
Invocations    | 2 5 6 7 9 10 | 10.5
Maces & Flails | 2 9 12 | 12.1
Translocations | 2 3 |  3.0
Dodging        | 3 |  3.3
Evocations     | 2 |  2.7
Ranged Weapons | |  0.7

Action                   |  1- 3 |  4- 6 |  7- 9 | 10-12 | 13-15 || total
-------------------------+-------+-------+-------+-------+-------++-------
Melee: War axe           |    77 |   139 |   267 |   308 |       ||   791
       Headbutt          |     5 |    13 |    52 |   102 |   200 ||   372
       Morningstar       |       |       |       |   195 |   779 ||   974
 Fire: Sling             |     3 |    13 |    22 |    56 |    31 ||   125
Throw: Boomerang         |       |       |     2 |       |    89 ||    91
       Stone             |       |       |     3 |       |       ||     3
       Dart              |       |       |       |    10 |     1 ||    11
Invok: Finesse           |       |       |       |     4 |     5 ||     9
       Heroism           |       |       |       |     6 |     5 ||    11
Evoke: Wand              |       |       |       |     4 |     8 ||    12
  Use: Potion            |       |       |     1 |     3 |     4 ||     8
       Scroll            |       |       |    20 |     8 |     8 ||    36
 Stab: Paralysed         |       |       |       |       |     2 ||     2
Armor: Scale mail        |    33 |    24 |       |       |    94 ||   151
       Chain mail        |       |    30 |   109 |   161 |       ||   300
       Plate armour      |       |       |       |    79 |   111 ||   190
       Swamp dragon scal |       |       |       |       |    92 ||    92
Dodge: Dodged            |    35 |    67 |    76 |   137 |   155 ||   470
Block: Buckler           |    20 |    20 |    51 |    61 |       ||   152
       Tower shield      |       |       |       |   137 |   639 ||   776
       Reflection        |       |       |       |       |    35 ||    35

Table legend: (Time is in decaauts)
 A = Elapsed time spent in this place.
 B = Non-inter-level travel time spent in this place.
 C = Inter-level travel time spent in this place.
 D = Time resting spent in this place.
 E = Time spent auto-exploring this place.
 F = Levels seen in this place.
 G = Mean time per level.
                   A        B        C        D        E       F      G
               +--------+--------+--------+--------+--------+-----+--------+
         Total |  27955 |  26010 |   1945 |   4717 |  15317 |  27 | 1035.4 |
       Dungeon |  15132 |  13931 |   1201 |   1829 |   9318 |  15 | 1008.8 |
        Temple |     98 |     75 |     23 |      0 |     69 |   1 |   98.0 |
          Lair |   8200 |   7653 |    547 |   2088 |   3957 |   5 | 1640.0 |
         Swamp |    661 |    637 |     24 |     41 |    462 |   2 |  330.5 |
  Orcish Mines |   2321 |   2172 |    149 |    222 |   1063 |   2 | 1160.5 |
        Bailey |    494 |    494 |      0 |    124 |    127 |   1 |  494.0 |
      Gauntlet |   1046 |   1046 |      0 |    413 |    320 |   1 | 1046.0 |
               +--------+--------+--------+--------+--------+-----+--------+

Top non-repeatable levels by time:
  Lair:3: 2463 daAuts
  Lair:1: 1558 daAuts
  Lair:2: 1519 daAuts
     D:4: 1481 daAuts
  Lair:4: 1477 daAuts
    D:15: 1426 daAuts
   Orc:2: 1393 daAuts
     D:3: 1238 daAuts
  Lair:5: 1182 daAuts
    D:11: 1131 daAuts
    D:14: 1118 daAuts
     D:8: 1088 daAuts
Gauntlet: 1046 daAuts
     D:6: 1010 daAuts
     D:7: 1006 daAuts
